Cogmind - Beta 14 @@@ ROGUE MODE // 2024.12.20 @ 04:35:59 Player: WanS24 Result: Destroyed by PT-SB8(M) with Riot Gun Performance ------------- Evolutions (1) 500 Regions Visited (4) 800 Robots Destroyed (25) 125 Value Destroyed (655) 655 Prototype IDs (2) 40 Alien Tech Used (0) 0 Bonus (570) 570 TOTAL SCORE: 2690 Bonus ------- Met Imprinter 300 Was Imprinted 300 Friendly Fire -30 Cogmind --------- Core Integrity 0/400 Matter 300/300 Energy 54/100 System Corruption 6% Temperature Cool (3) Movement Core (100) Ox1 Location -7/Zion Parts ------- > --- POWER (1) -------- (None) > --- PROPULSION (2) --- (None) > --- UTILITY (4) ------ Targeting Computer Targeting Computer Targeting Computer > --- WEAPON (2) ------- Improved Assault Rifle Mace > --- INVENTORY (5) ---- Improved Assault Rifle GAL Module Peak State ------------ > --- POWER ------------ Ion Engine > --- PROPULSION ------- Light Treads Medium Treads > --- UTILITY ---------- Experimental Sensor Array Targeting Computer Targeting Computer Targeting Computer > --- WEAPON ----------- Improved Assault Rifle Improved Assault Rifle > --- INVENTORY -------- Improved Assault Rifle Improved Assault Rifle Heavy Battle Rifle Mace GAL Module [Rating: 26] Favorites ----------- Power Ion Engine Engine Ion Engine Propulsion Light Treads Treads Light Treads Utility Targeting Computer Device Experimental Sensor Array Storage Small Storage Unit Processor Targeting Computer Protection Light Armor Plating Weapon Improved Assault Rifle Energy Gun EM Pulse Gun Energy Cannon Beam Cannon Ballistic Gun Improved Assault Rifle Special Weapon Mining Laser Impact Weapon Mace Build | -11 -10 -9 -9 -7 ------- Run | Yrd Mat Mat Min Zio Slots Evolved 2 | . . 2 . . Power . | . . . . . Propulsion . | . . . . . Utility 2 | . . 2 . . Weapon . | . . . . . Parts Attached 35 | 6 13 9 1 6 Power 2 | 1 1 . . . Engine 2 | 1 1 . . . Core . | . . . . . Reactor . | . . . . . Propulsion 7 | 2 . 4 . 1 Treads 7 | 2 . 4 . 1 Leg . | . . . . . Wheel . | . . . . . Hover . | . . . . . Flight . | . . . . . Utility 7 | 1 2 3 1 . Device 1 | . . . 1 . Storage 1 | 1 . . . . Processor 4 | . 2 2 . . Hackware . | . . . . . Protection 1 | . . 1 . . Artifact . | . . . . . Weapon 19 | 2 10 2 . 5 Energy Gun 2 | 2 . . . . Energy Cannon 3 | . 3 . . . Ballistic Gun 10 | . 4 2 . 4 Ballistic Cannon . | . . . . . Launcher . | . . . . . Special Weapon 3 | . 3 . . . Impact Weapon 1 | . . . . 1 Slashing Weapon . | . . . . . Piercing Weapon . | . . . . . Special Melee Weapon . | . . . . . Unidentified Prototypes 2 | . . 1 1 . Parts Lost 8 | . 1 1 . 6 Power 1 | . . . . 1 Propulsion 2 | . . . . 2 Utility 2 | . . 1 . 1 Weapon 3 | . 1 . . 2 Highest Loss Streak 6 | . 1 1 . 6 To Critical Strikes . | . . . . . Average Slot Usage (%) 98 | . 89 98 100 99 Engine 11 | . 14 11 11 10 Treads 22 | . 28 22 22 21 Device 7 | . . . 8 10 Storage 1 | . 9 . . . Processor 30 | . 9 39 33 33 Energy Cannon 2 | . 8 6 . . Ballistic Gun 19 | . 12 15 22 21 Peak Build Rating 26 | 6 7 14 22 26 Average Rating 19 | 5 6 12 20 24 On Entrance 9 | . 6 7 14 22 Naked Turns . | . . . . . Heaviest Build 14 | 14 14 14 14 12 Greatest Support 48 | 40 40 40 40 48 Greatest Overweight (x) . | . . . . . Average Overweight (x) . | . . . . . Largest Inventory Capacity 8 | 8 8 5 5 5 Average Capacity 5 | 7 6 5 5 5 Most Carried 8 | 6 8 5 5 5 Average Carried 3 | 4 3 3 4 4 Final Capacity 8 | 8 5 5 5 5 Final Carried 6 | 6 3 5 4 2 Class Distribution -------------------- 100% | Mutant Dominant Class ---------------- Mutant | -10/Materials Mutant | -9/Materials Mutant | -9/Mines Mutant | -7/Zion Resources | -11 -10 -9 -9 -7 ----------- Run | Yrd Mat Mat Min Zio Matter Collected 854 | 245 46 351 64 148 Remotely . | . . . . . Salvage Created 768 | . 81 542 87 58 Parts 50 | . 9 32 6 3 Haulers Intercepted . | . . . . . Recyclers Shooed . | . . . . . Parts Field Recycled . | . . . . . Retrieved Matter . | . . . . . Parts Self-Destructed 3 | . . . . 3 Prevented . | . . . . . Kills | -11 -10 -9 -9 -7 ------- Run | Yrd Mat Mat Min Zio Combat Hostiles Destroyed 17 | . 5 9 2 1 Guns 14 | . 4 7 2 1 Cannons 2 | . 1 1 . . Classes Destroyed 7 | . 3 3 . 1 Worker 2 | . 1 1 . . Builder 1 | . . 1 . . Watcher 5 | . . 5 . . Swarmer 4 | . 3 1 . . Grunt 8 | . 2 4 2 . Sentry 4 | . . 4 . . Mutant 1 | . . . . 1 Best Kill Streak 3 | . 3 3 2 1 Combat Bots Only 3 | . 3 2 2 1 Max Kills in Single Turn 2 | . 1 2 1 1 Gunslinging . | . . . . . Exploded . | . . . . . Melee . | . . . . . Uniques/NPCs Destroyed . | . . . . . Combat | -11 -10 -9 -9 -7 -------- Run | Yrd Mat Mat Min Zio Hostile Shots Fired 190 | . 34 46 7 103 Missed 59 | . 13 14 . 32 Damage Taken 1718 | . 291 405 87 935 Core 440 | . 33 118 27 262 Absorbed by Shields . | . . . . . Core Remaining (%) 93 | 100 86 . . . Volleys Fired 83 | . 27 39 4 13 Largest 2 | . 2 2 2 2 Hottest 200 | . 200 120 46 46 Shots Fired 160 | . 50 79 8 23 Gun 134 | . 36 67 8 23 Cannon 14 | . 2 12 . . Launcher . | . . . . . Special 12 | . 12 . . . Kinetic 134 | . 36 67 8 23 Thermal 26 | . 14 12 . . Explosive . | . . . . . Electromagnetic . | . . . . . Robot Hit Streak 47 | . 8 43 47 8 Robot Miss Streak 7 | . 7 3 1 1 Penetration Max . | . . . . . Secondary Targets 3 | . 2 . 1 . Max Gunslinging Chain 1 | . 1 . 1 . Shots Hit Robots 105 | . 22 63 7 13 Core Hits 39 | . 10 20 4 5 Critical Kills 2 | . . 1 1 . Critical Parts Destroyed 2 | . . 2 . . Critical Strikes 4 | . . 3 1 . Meltdown 1 | . . 1 . . Destroy 3 | . . 2 1 . Melee Attacks . | . . . . . Impact . | . . . . . Slashing . | . . . . . Piercing . | . . . . . Sneak Attacks . | . . . . . Combat Hostiles . | . . . . . Follow-up Attacks . | . . . . . Damage Inflicted 1635 | . 313 999 109 214 Guns 1273 | . 114 836 109 214 Cannons 157 | . . 157 . . Explosions . | . . . . . Melee . | . . . . . Ramming 13 | . 7 6 . . Kinetic 1273 | . 114 836 109 214 Thermal 349 | . 192 157 . . Explosive . | . . . . . Electromagnetic . | . . . . . Impact . | . . . . . Slashing . | . . . . . Piercing . | . . . . . Highest Corruption 6 | . . 1 1 6 Average Corruption 1 | . . 1 1 1 Corruption Purged . | . . . . . Corruption Blocked . | . . . . . Effects 9 | . . 6 2 1 Message Errors 3 | . . 2 1 . Matter Fused 3 | . . 2 1 . Data Loss (minor) 2 | . . 1 . 1 Misfires 1 | . . 1 . . Overload Shots . | . . . . . Overflow Damage 24 | . 19 5 . . Projectiles 24 | . 19 5 . . Explosions . | . . . . . Melee . | . . . . . Knockbacks . | . . . . . Impact . | . . . . . Kinetic . | . . . . . Secondary . | . . . . . Self-Inflicted Damage . | . . . . . Shots . | . . . . . Rammed 3 | . 1 2 . . Targets Rammed 4 | . 2 2 . . Kicked . | . . . . . Crushed 1 | . 1 . . . Highest Temperature 257 | . 257 192 20 52 Average Temperature 69 | . 97 60 11 26 Received Heat Transfer 620 | . 165 147 48 260 Siege Activations . | . . . . . Robots Corrupted . | . . . . . Combat Hostiles . | . . . . . Parts Fried . | . . . . . Impact Corruptions . | . . . . . Robots Melted 1 | . . 1 . . Combat Hostiles 1 | . . 1 . . Parts Melted 2 | . . 2 . . Heat Transferred 733 | . 400 333 . . Parts Sabotaged . | . . . . . Parts Stolen . | . . . . . Parts Stripped . | . . . . . Power Chain Reactions . | . . . . . Alert | -11 -10 -9 -9 -7 ------- Run | Yrd Mat Mat Min Zio Peak Influence 252 | . 160 252 131 . Initial 66 | . . . 66 . Average 84 | . 59 107 129 . Maximum Alert Level 1 | . . 1 . . Low Security (%) 96 | 100 100 91 100 . Level 1 3 | . . 8 . . Level 2 . | . . . . . Level 3 . | . . . . . Level 4 . | . . . . . Level 5 . | . . . . . High Security . | . . . . . Max Security . | . . . . . Squads Dispatched 1 | . . 1 . . Investigation . | . . . . . Extermination . | . . . . . Reinforcement 1 | . . 1 . . Assault . | . . . . . Garrison . | . . . . . Intercept . | . . . . . Searches Triggered . | . . . . . Construction Impeded . | . . . . . Haulers Reinforced . | . . . . . Active Scanning Responses . | . . . . . Cargo Convoy Interrupts . | . . . . . Stealth | -11 -10 -9 -9 -7 --------- Run | Yrd Mat Mat Min Zio Distress Signals 3 | . 1 2 . . Communications Jammed . | . . . . . Distress Signals . | . . . . . Times Spotted 37 | . 11 16 2 8 Peak Tracking Total 6 | . 4 3 2 6 Tactical Retreats 1 | . . 1 . . Traps | -11 -10 -9 -9 -7 ------- Run | Yrd Mat Mat Min Zio Traps Triggered 1 | . . 1 . . Indirectly . | . . . . . Trap Hack Attempts . | . . . . . Triggered . | . . . . . Disarmed . | . . . . . Reprogrammed . | . . . . . Reused . | . . . . . Traps Extracted . | . . . . . Installed . | . . . . . Triggered . | . . . . . Machines | -11 -10 -9 -9 -7 ---------- Run | Yrd Mat Mat Min Zio Machines Disabled . | . . . . . Max in Single Turn . | . . . . . Machines Repaired . | . . . . . Machines Dismantled . | . . . . . Machines Sabotaged . | . . . . . Overloaded Fab Kills . | . . . . . Hacking | -11 -10 -9 -9 -7 --------- Run | Yrd Mat Mat Min Zio Machines Accessed 3 | . 1 1 . 1 Terminals . | . . . . . Fabricators . | . . . . . Repair Stations 2 | . 1 1 . . Recycling Units . | . . . . . Scanalyzers . | . . . . . Garrison Access . | . . . . . Total Hacks 6 | . 2 2 . 2 Successful 4 | . 1 1 . 2 Failed 2 | . 1 1 . . Catastrophic 1 | . . 1 . . Database Lockouts . | . . . . . Manual 7 | . . . . 7 Terminals . | . . . . . Fabricators . | . . . . . Repair Stations 4 | . 2 2 . . Recycling Units . | . . . . . Scanalyzers . | . . . . . Garrison Access . | . . . . . Terminal Hacks 2 | . . . . 2 Part Schematic 2 | . . . . 2 Fabricator Hacks . | . . . . . Repair Station Hacks 2 | . 1 1 . . Scan Component 2 | . 1 1 . . Recycling Unit Hacks . | . . . . . Scanalyzer . | . . . . . Garrison Access Hacks . | . . . . . Unauthorized Hacks . | . . . . . Terminals . | . . . . . Fabricators . | . . . . . Repair Stations . | . . . . . Recycling Units . | . . . . . Scanalyzers . | . . . . . Garrison Access . | . . . . . Data Cores Recovered . | . . . . . Used . | . . . . . Hacking Detections 1 | . . 1 . . Full Trace Events . | . . . . . Feedback Events . | . . . . . Feedback Blocked . | . . . . . Robot Schematics Acquired . | . . . . . Robots Built . | . . . . . Authchips . | . . . . . Time . | . . . . . Total Robot Build Rating . | . . . . . Part Schematics Acquired 2 | . . . . 2 Parts Built . | . . . . . Authchips . | . . . . . Time . | . . . . . Total Part Build Rating . | . . . . . Parts Repaired . | . . . . . Time . | . . . . . Parts Recycled . | . . . . . Recycled Matter . | . . . . . Retrieved Matter . | . . . . . Retrieved Components . | . . . . . Parts Scanalyzed . | . . . . . Part Schematics Acquired . | . . . . . Parts Damaged . | . . . . . Bothacking | -11 -10 -9 -9 -7 ------------ Run | Yrd Mat Mat Min Zio Used RIF Installer . | . . . . . Robots Hacked . | . . . . . Non-combat . | . . . . . Combat . | . . . . . Robot Hacks Applied . | . . . . . Relay Couplers Released . | . . . . . Fabnet Peak Effective % . | . . . . . Robots Rewired . | . . . . . Allies Hacked . | . . . . . Hacks Repelled . | . . . . . Allies | -11 -10 -9 -9 -7 -------- Run | Yrd Mat Mat Min Zio Total Allies 8 | . . . 2 6 Largest Group 6 | . . . 2 6 Highest-Rated Group 349 | . . . 51 349 Highest-Rated Ally 96 | . . . 31 96 Total Orders . | . . . . . Ally Attacks 5 | . . . . 5 Total Damage 235 | . . . . 235 Kills . | . . . . . Allies Corrupted . | . . . . . Allies Melted 1 | . . . . 1 Intel | -11 -10 -9 -9 -7 ------- Run | Yrd Mat Mat Min Zio Robot Analysis Total . | . . . . . Derelict Logs Recovered 3 | . . . 2 1 Drone Launches . | . . . . . Drone Recoveries . | . . . . . Exploration | -11 -10 -9 -9 -7 ------------- Run | Yrd Mat Mat Min Zio Turns Passed 4401 | 134 617 655 255 2740 Spaces Moved 2514 | 83 293 305 151 1682 Core 14 | 14 . . . . Treads 2500 | 69 293 305 151 1682 Legs . | . . . . . Wheels . | . . . . . Hover . | . . . . . Flight . | . . . . . Fastest Speed 50 | 50 160 160 160 160 Average Speed 159 | 141 160 160 160 160 Slowest Speed 160 | 160 160 160 160 160 Overloaded Moves . | . . . . . Propulsion Burnouts . | . . . . . Robots Hopped . | . . . . . Cave-ins Triggered . | . . . . . Exploration Rate (%) 44 | 4 56 31 41 89 Regions Visited 4 Branch Regions 2 Pre-discovered Areas 3 | . . . . 3 Known Exits Taken . | . . . . . Unknown Exits Taken 4 | 1 1 1 1 . Scrap Searched 2 | . . . 1 1 Spaces Dug . | . . . . . Terrain Destroyed . | . . . . . Melee . | . . . . . Projectile . | . . . . . AOE . | . . . . . Terrain Rammed . | . . . . . Walls Destroyed . | . . . . . Machines Disabled . | . . . . . Actions | -11 -10 -9 -9 -7 --------- Run | Yrd Mat Mat Min Zio Total 2746 | 100 386 395 158 1707 Wait 41 | . 18 23 . . Move 2510 | 82 292 304 150 1682 Hop . | . . . . . Pick Up 42 | 12 15 11 1 3 Fast Attach . | . . . . . Attach 26 | 6 12 5 1 2 Detach 4 | . 3 1 . . Swap 9 | . 1 4 . 4 Drop 27 | . 16 6 2 3 Fire 83 | . 27 39 4 13 Melee . | . . . . . Ram . | . . . . . Kick . | . . . . . Crush 4 | . 2 2 . . Escape Stasis . | . . . . . Rewire . | . . . . . Trap . | . . . . . Miscellaneous . | . . . . . Route ------- -11/Scrapyard -10/Materials (discovered 2 exits: *Mat / [*Min]) -9/Materials -9/Mines -7/Zion History --------- Turn | Location | Event 6 | -11/Scrapyard | Discovered new exit (range 15) 135 | -11/Scrapyard | Entered Materials 317 | -10/Materials | Build established: Mutant 317 | -10/Materials | Discovered new exit (range 11) 623 | -10/Materials | Discovered new exit (range 15) 752 | -10/Materials | Entered another Materials area 752 | -9/Materials | Evolved 2 slots: Utility x2 1085 | -9/Materials | Discovered new exit (range 16) 1407 | -9/Materials | Entered Mines 1442 | -9/Mines | Learned location of 1 exit from Materials 1456 | -9/Mines | Found a damaged Exp. Sensor Array with a note attached 1460 | -9/Mines | Found Prototype Device 1462 | -9/Mines | Identified Exp. Sensor Array 1636 | -9/Mines | A Derelict revealed a hidden shortcut to a safe place 1662 | -9/Mines | Entered Zion 1662 | -7/Zion | Accompanied by 2 allies 1712 | -7/Zion | Led the pair of lost Derelicts to a safe place 1765 | -7/Zion | System corruption cleaned by Quarantine Array 1819 | -7/Zion | Learned location of Data Miner (-6) 1894 | -7/Zion | Found GAL Module 2206 | -7/Zion | Learned Factory stockpile data 2478 | -7/Zion | Given A8's code to call for help 2494 | -7/Zion | Learned location of Quarantine (-3) 3395 | -7/Zion | Met Imprinter 3423 | -7/Zion | Imprinted 3425 | -7/Zion | Declared Zion's savior 3616 | -7/Zion | Enhanced Grunt warped into view, answering call for help 3618 | -7/Zion | Enhanced Grunt warped into view, answering call for help 4376 | -7/Zion | Attacked by Zionites 4392 | -7/Zion | Core integrity fell below 50% 4399 | -7/Zion | Core integrity fell below 20% 4402 | -7/Zion | Destroyed by PT-SB8(M) with Riot Gun Last Messages --------------- HQ-ATQ(z) emerges from the Twisted Machinery. Lgt. Treads destroyed. Med. Treads destroyed. HQ-ATQ(z) pulls a Mak. Hammer out of the Twisted Machinery. UP-WHQ(z) destroyed. Ion Engine destroyed. Imp. Assault Rifle destroyed. XX-6SV(z) pulls a Mak. Sword out of the Twisted Machinery. Exp. Sensor Array destroyed. Imp. Assault Rifle destroyed. Critical hit (Burn: +80). Bump into an enemy to attack with the active melee weapon. Even while active, melee weapons do not fire together with ranged weapons in the same volley. Knocked back. Acquired 66 matter. Acquired 3 matter. Map ----- +----------------------------------------------------+ | ??????????????????????????????????????????????? | | ??????????????????????????????????????????????? | | ??????????????????????????????????????????????? | | ??????????????????????????????????????????????? | | ??????????????????????????????????????????????? | | ??????????????????????????????????????????????? | | ??????????????????????????????????????????????? | | ??????????????????????????????????????????????? | | ??????????????????????????????????????????????? | | ??????????????????????????????????????????????? | | ??????????????????????????????????????????????? | | ??????????????????????????????????????????????? | | ??????????????????????????????????????????????? | | ??????????????????????????????????######?????## | | ???????????????????????????????####""""###?###" | | ?????????????????????????????###"#"""""""#?#""" | | ???????????????????????????###"""""" """### | | ???????????????????????????#"""""" "#"##""" | | ???????????????????????????##"" """""""" | | ????????????????????????####"" """"" " | | ??????????????????????###"#?#" """""" " | | ??????????????????????#"""###"" """""" " | | ??????????????????????"!%""#"#"" """"" | | ??????????????????????#[!""#"""" | | ?????????????????????##]!*="""""" | | ?????????????????????"@z%!* z | | ?????????????????????"M=M=* " | | ?????????????????????#/MM""""""""""" """" "" | | ???????????????????#"""""""""""""""" """""""" | | ???????????????????####"##"#" """" ""#"#"" | | ??????????????????????#####"" ""#" """""""" | | ??????????????????????????#"" """" """" "" | | ?????????????????????????##"" """"""""" "" | | ?????????????????????????#""" ""#"""" "" | | ?????????????????????????##""" """#" "" | | ??????????????????????????###"" "##" | | ???????????????????????????#""" "#"" | | ?????????????????????????###""" """" """ | | ????????????????????????##""" """ "" | | ????????????????????????#""" | | ????????????????????????#"" "" | | ????????????????????????##" """"" | | ?????????????????????????#" "##"" | | ????????????????????????##" ""#""" | | ????????????????##?????##""" "##"""""""" | | ????????????????#"#???##"""""""#####"##""" | | ???????????????##""####"""""""""######"#"" | | ?????###########""""""""""##""#"""""""""" | | ?????""""""""" #""" """"""""""""""" | | ????"""""""""" #"#" | +----------------------------------------------------+ Best States ------------- Heat Dissipation 28 Energy Generation 10 Energy Capacity 250 Matter Stores 300 Matter Capacity 300 Sight Range 16 Robot Scan Range 20 Terrain Scan Density 10 Armor Coverage 150 Evasion (%) 50 Targeting Accuracy 20 Recoil Reduction 2 Item Schematics ----------------- Battle Cannon | -7/Zion | Free Hvy. Riot Gun | -7/Zion | Free Robot Schematics ------------------ None Fabricated ------------ Nothing Alien Tech Used ----------------- None Achievements -------------- Help From High Places It's Just You Risk Taker Robot Respite The More The Merrier The One Challenges ------------ None Game ------ Seed TrapBoltLauncher Manual? 0 Play Time 00:32:31 Cumulative 2.5 hours Start 2024.12.20 @ 04:05:03 End 2024.12.20 @ 04:35:59 Sessions 1 Manual Loads 0 Difficulty Rogue Special Mode None Game No. 3 Rogue 3 Adventurer 0 Explorer 0 Win Type - Total 0 Types 0/0/0/0/0/0/0/0/0 Lore% 1 Gallery% 5 Achievement% 5 Wizard Run 0 Options --------- Layout 1 ASCII 0 Keyboard 0 Movement Mouse Keybinds 0 Fullscreen 1 Font 24/Smallcaps Map View 50x35 Zoom Use 0% Tactical HUD 0 Map Filters NONE Filters NONE Steam 1 RUN: 6a0709fb-b565-451b-969d-3d7e85f86e8e